Panthers vs Red Wings
Created - November 21, 2017 at 19:48
Goals
|
| Panthers |
1 |
1 |
2 |
4 |
| Red Wings |
1 |
1 |
3 |
5 |
|
Shots
|
| Panthers |
11 |
13 |
6 |
30 |
| Red Wings |
11 |
10 |
16 |
37 |
|
1st period
1. Panthers , Peter Prucha 6 (Scott Gomez 11) at 12:20
2. Red Wings , Adam Henrique 6 (Mike Richards 11, Rick Nash 11) at 13:43
Penalties :
Theo Peckham (Det) for Hooking (Minor) at 5:02
2nd period
3. Panthers , Guillaume Latendresse 11 (Tim Connolly 26) at 0:12
4. Red Wings , Mike Richards 9 (Rick Nash 12, Theo Peckham 1) at 2:25
Penalties :
Jonathan Matsumoto (Flo) for Tripping (Minor) at 14:32
3rd period
5. Panthers , Scott Gomez 2 (Peter Prucha 4, Daniel Sedin 5) at 3:45 (PP)
6. Red Wings , Rick Nash 11 (Brent Seabrook 9, Brendan Bell 2) at 6:21
7. Panthers , Tim Connolly 5 (Marian Hossa 9, Guillaume Latendresse 14) at 8:53
8. Red Wings , Phil Kessel 10 (Adam Henrique 7, Tyler Johnson 9) at 16:31 (PP)
9. Red Wings , Chris Kelly 4 (Philip Samuelsson 7) at 18:32
Penalties :
Philip Samuelsson (Det) for Hooking (Minor) at 3:29, Marian Hossa (Flo) for Tripping (Minor) at 8:58, Alex Picard (Det) for Hooking (Minor) at 11:23, Alexander Perezhogin (Flo) for Tripping (Minor) at 16:22
Goalie Stats
Petr Mrazek (Flo), 32 saves from 37 shots - (0.865), L, 1-3-1, 59:49 minutes
Ilya Bryzgalov (Det), 26 saves from 30 shots - (0.867), W, 2-0-0, 60:00 minutes
Players Stats for Panthers
Player Name G A P +/- PIM S H SB GA TA FO MP PP MP PK MP
------------------------------------------------------------------------------------
Alexander Perezhogin 0 0 0 -2 2 2 0 1 0 0 0/1 11:34 0:00 0:00
Daniel Sedin 0 1 1 1 0 4 1 0 0 0 1/2 16:24 1:54 1:31
Erik Gudbranson 0 0 0 -1 0 0 0 2 0 0 0/0 27:39 2:47 2:30
Guillaume Latendresse 1 1 2 0 0 5 0 1 2 0 1/1 22:50 2:20 2:06
Ian White 0 0 0 -1 0 0 1 4 1 1 0/0 27:39 2:47 2:30
Jeff Tambellini 0 0 0 0 0 1 1 1 0 0 0/0 8:53 0:00 0:12
Jonathan Matsumoto 0 0 0 0 2 2 1 0 0 0 1/3 8:59 0:00 0:00
Jonathan Sigalet 0 0 0 0 0 1 0 0 0 1 0/0 20:12 1:27 1:37
Marian Hossa 0 1 1 0 2 0 3 3 0 2 0/2 20:42 2:20 0:18
Matthew Spiller 0 0 0 0 0 0 1 1 0 1 0/0 20:12 1:27 1:37
Mike Weber 0 0 0 0 0 1 1 0 0 0 0/0 12:09 0:00 0:00
Peter Prucha 1 1 2 1 0 2 3 0 0 2 0/0 14:53 1:54 0:00
Scott Gomez 1 1 2 1 0 3 1 1 0 0 4/12 17:26 1:54 2:06
Sergei Samsonov 0 0 0 -2 0 1 0 0 0 0 0/0 11:35 0:00 0:00
Shawn Horcoff 0 0 0 -2 0 1 1 0 0 0 4/9 13:05 0:00 1:30
Tim Connolly 1 1 2 0 0 4 1 0 0 0 22/31 20:56 2:20 0:31
Tomas Kopecky 0 0 0 0 0 3 1 0 0 0 0/0 8:33 0:00 0:00
William Colbert 0 0 0 0 0 0 0 4 0 0 0/0 12:09 0:00 0:00
Players Stats for Red Wings
Player Name G A P +/- PIM S H SB GA TA FO MP PP MP PK MP
------------------------------------------------------------------------------------
Adam Henrique 1 1 2 1 0 2 0 1 1 0 1/2 19:39 1:19 0:00
Ales Hemsky 0 0 0 0 0 1 1 0 0 0 1/1 7:41 0:18 0:00
Alex Picard 0 0 0 1 2 2 0 1 0 0 0/0 11:38 0:15 0:00
Brendan Bell 0 1 1 -1 0 0 3 4 0 1 0/0 19:53 0:24 2:05
Brent Seabrook 0 1 1 -1 0 4 2 3 1 0 0/0 24:51 1:49 2:09
Chris Kelly 1 0 1 1 0 3 2 0 0 0 5/8 12:14 0:48 0:00
Filip Kuba 0 0 0 0 0 1 3 3 0 0 0/0 19:34 2:03 2:09
Mike Richards 1 1 2 1 0 2 2 0 0 0 10/26 19:39 1:14 0:00
Nate Thompson 0 0 0 0 0 0 0 0 0 0 1/4 7:23 0:00 0:00
Nino Niederreiter 0 0 0 1 0 2 2 0 0 0 0/0 14:12 0:50 1:58
Oleg Saprykin 0 0 0 0 0 1 2 0 0 0 1/2 9:42 0:00 2:16
Ole-Kristian Tollefsen 0 0 0 2 0 1 2 0 0 1 0/0 22:53 1:55 2:05
Phil Kessel 1 0 1 -1 0 4 1 1 2 0 0/1 15:26 2:08 0:00
Philip Samuelsson 0 1 1 2 2 0 2 1 0 1 0/0 21:23 2:03 0:00
Rick Nash 1 2 3 1 0 3 0 0 3 0 0/2 20:58 1:27 0:00
Sean Bergenheim 0 0 0 -1 0 3 2 0 0 0 1/2 18:47 1:59 2:16
Theo Peckham 0 1 1 0 2 1 0 1 0 0 0/0 11:27 0:00 0:00
Tyler Johnson 0 1 1 -1 0 7 0 0 0 0 8/13 18:23 2:03 1:58
3 Stars
1 - Rick Nash (Det)
2 - Peter Prucha (Flo)
3 - Mike Richards (Det)
Power Play
Panthers - 1 on 3 Attempt(s) - 33.33%
Red Wings - 1 on 3 Attempt(s) - 33.33%
Penalty Kill
Panthers - 2 on 3 Attempt(s) - 66.67%
- Score 0 goal in Penalty Kill
Red Wings - 2 on 3 Attempt(s) - 66.67%
- Score 0 goal in Penalty Kill
Team Stat
Panthers - Hits : 16 - Faceoff Wins : 33 - Blocked Shots : 18 - Penalty Minutes : 6
Red Wings - Hits : 24 - Faceoff Wins : 28 - Blocked Shots : 15 - Penalty Minutes : 6
Official
Referees : Peel Tim and Kimmerly Greg
Linesman : Tim Nowak and Dan Schachte
Game Notes
No Game Note
Finance
Level 1 -- Attendance: 5761 (96.02%) -- Ticket Income $501,207
Level 2 -- Attendance: 3902 (78.04%) -- Ticket Income $238,022
Level 3 -- Attendance: 1369 (68.45%) -- Ticket Income $57,498
Level 4 -- Attendance: 2929 (73.23%) -- Ticket Income $90,799
Luxury Box -- Attendance: 711 (71.10%) -- Ticket Income $123,003
Game was played at the Joe Louis Arena.
Total Attendance: 14672 (81.51%)
Total Ticket Income: $1,010,529
Other Income: $151,579
Total Income: $1,162,108
Panthers
5 vs 5 Forward
Center Left Wing Right Wing Time % Phy DF OF
1 Tim Connolly Guillaume Latendresse Marian Hossa 40 0 1 4
2 Scott Gomez Daniel Sedin Peter Prucha 30 0 1 4
3 Shawn Horcoff Sergei Samsonov Alexander Perezhogin 20 0 2 3
4 Jonathan Matsumoto Jeff Tambellini Tomas Kopecky 10 1 2 2
5 vs 5 Defense
Defense Defense Time % Phy DF OF
1 Ian White Erik Gudbranson 40 0 2 3
2 Matthew Spiller Jonathan Sigalet 30 0 2 3
3 Mike Weber William Colbert 20 0 3 2
4 Ian White Erik Gudbranson 10 0 2 3
PowerPlay Forward
Center Left Wing Right Wing Time % Phy DF OF
1 Tim Connolly Guillaume Latendresse Marian Hossa 60 1 0 4
2 Scott Gomez Daniel Sedin Peter Prucha 40 1 0 4
PowerPlay Defense
Defense Defense Time % Phy DF OF
1 Ian White Erik Gudbranson 60 1 1 3
2 Matthew Spiller Jonathan Sigalet 40 1 1 3
Penalty Kill 4 Players Forward
Center Wing Time % Phy DF OF
1 Scott Gomez Guillaume Latendresse 60 1 3 1
2 Shawn Horcoff Marian Hossa 40 1 3 1
Penalty Kill 4 Players Defense
Defense Defense Time % Phy DF OF
1 Ian White Erik Gudbranson 60 1 3 1
2 Matthew Spiller Jonathan Sigalet 40 1 3 1
Penalty Kill - 3 Players Forward
Forward Time % Phy DF OF
1 Guillaume Latendresse 60 1 3 1
2 Scott Gomez 40 1 3 1
Penalty Kill - 3 Players Defense
Defense Defense Time % Phy DF OF
1 Ian White Erik Gudbranson 60 1 3 1
2 Matthew Spiller Jonathan Sigalet 40 1 3 1
4 vs 4 Forward
Center Wing Time % Phy DF OF
1 Tim Connolly Guillaume Latendresse 60 0 2 3
2 Scott Gomez Marian Hossa 40 0 2 3
4 vs 4 Defense
Defense Defense Time % Phy DF OF
1 Ian White Erik Gudbranson 60 0 2 3
2 Matthew Spiller Jonathan Sigalet 40 1 2 2
Last Minutes Offensive
Center Left Wing Right Wing Defense Defense
Tim Connolly Guillaume Latendresse Marian Hossa Ian White Erik Gudbranson
Last Minutes Defensive
Center Left Wing Right Wing Defense Defense
Scott Gomez Guillaume Latendresse Peter Prucha Jonathan Sigalet Matthew Spiller
Goaltenders
Starting : Petr Mrazek
Backup : Antti Niemi
Extra Forwards
Normal : Sergei Samsonov, Guillaume Latendresse, Marian Hossa - PP : Daniel Sedin, Guillaume Latendresse - PK : Shawn Horcoff
Extra Defensemen
Normal : Matthew Spiller, Ian White, Erik Gudbranson - PP : Jonathan Sigalet - PK : Matthew Spiller, Erik Gudbranson
Penalty Shots
Guillaume Latendresse, Sergei Samsonov, Jeff Tambellini, Marian Hossa, Peter Prucha
Scratches
Brendan Smith (Left Forearm Injury), Tuomo Ruutu (Suspend)
Red Wings
5 vs 5 Forward
Center Left Wing Right Wing Time % Phy DF OF
1 Mike Richards Adam Henrique Rick Nash 40 0 2 3
2 Tyler Johnson Sean Bergenheim Phil Kessel 33 0 2 3
3 Chris Kelly Alex Picard Nino Niederreiter 20 0 3 2
4 Nate Thompson Oleg Saprykin Ales Hemsky 7 1 2 2
5 vs 5 Defense
Defense Defense Time % Phy DF OF
1 Brent Seabrook Brendan Bell 35 0 3 2
2 Philip Samuelsson Ole-Kristian Tollefsen 35 0 3 2
3 Filip Kuba Theo Peckham 20 0 3 2
4 Filip Kuba Brent Seabrook 10 0 3 2
PowerPlay Forward
Center Left Wing Right Wing Time % Phy DF OF
1 Rick Nash Sean Bergenheim Mike Richards 60 0 1 4
2 Tyler Johnson Adam Henrique Phil Kessel 40 0 1 4
PowerPlay Defense
Defense Defense Time % Phy DF OF
1 Ole-Kristian Tollefsen Brent Seabrook 60 0 2 3
2 Filip Kuba Philip Samuelsson 40 0 2 3
Penalty Kill 4 Players Forward
Center Wing Time % Phy DF OF
1 Tyler Johnson Nino Niederreiter 50 1 2 2
2 Oleg Saprykin Sean Bergenheim 50 1 2 2
Penalty Kill 4 Players Defense
Defense Defense Time % Phy DF OF
1 Brent Seabrook Filip Kuba 50 1 2 2
2 Brendan Bell Ole-Kristian Tollefsen 50 1 2 2
Penalty Kill - 3 Players Forward
Forward Time % Phy DF OF
1 Sean Bergenheim 60 1 2 2
2 Oleg Saprykin 40 1 2 2
Penalty Kill - 3 Players Defense
Defense Defense Time % Phy DF OF
1 Filip Kuba Brent Seabrook 50 1 2 2
2 Brendan Bell Ole-Kristian Tollefsen 50 1 2 2
4 vs 4 Forward
Center Wing Time % Phy DF OF
1 Mike Richards Rick Nash 60 1 2 2
2 Tyler Johnson Phil Kessel 40 1 2 2
4 vs 4 Defense
Defense Defense Time % Phy DF OF
1 Brent Seabrook Filip Kuba 60 1 2 2
2 Ole-Kristian Tollefsen Philip Samuelsson 40 1 2 2
Last Minutes Offensive
Center Left Wing Right Wing Defense Defense
Mike Richards Rick Nash Phil Kessel Brent Seabrook Ole-Kristian Tollefsen
Last Minutes Defensive
Center Left Wing Right Wing Defense Defense
Tyler Johnson Sean Bergenheim Rick Nash Brent Seabrook Filip Kuba
Goaltenders
Starting : Ilya Bryzgalov
Backup : Michal Neuvirth
Extra Forwards
Normal : Rick Nash, Tyler Johnson, Nino Niederreiter - PP : Nino Niederreiter, Chris Kelly - PK : Rick Nash
Extra Defensemen
Normal : Brent Seabrook, Ole-Kristian Tollefsen, Philip Samuelsson - PP : Philip Samuelsson - PK : Philip Samuelsson, Theo Peckham
Penalty Shots
Rick Nash, Mike Richards, Phil Kessel, Brent Seabrook, Sean Bergenheim
Scratches
Jiri Fischer (Strained Left Knee Injury), Karl Alzner (Broken Nose Injury)
% Time on Ice - Panthers
Lines # - Real PCT - Wanted PCT - Time Play
Normal Forward
1 - 35% - 40% - 17:29
2 - 26% - 30% - 12:59
3 - 23% - 20% - 11:35
4 - 17% - 10% - 8:33
Normal Defense
1 - 37% - 40% - 18:54
2 - 34% - 30% - 17:08
3 - 24% - 20% - 12:09
4 - 5% - 10% - 2:25
PP Forward
1 - 55% - 60% - 2:20
2 - 45% - 40% - 1:54
PP Defense
1 - 66% - 60% - 2:47
2 - 34% - 40% - 1:27
PK Forward
1 - 85% - 60% - 3:30
2 - 15% - 40% - 0:37
PK Defense
1 - 61% - 60% - 2:30
2 - 39% - 40% - 1:37
PK3 Forward
1 - 0% - 60%
2 - 0% - 40%
PK3 Defense
1 - 0% - 60%
2 - 0% - 40%
44 Forward
1 - 0% - 60%
2 - 0% - 40%
44 Defense
1 - 0% - 60%
2 - 0% - 40%
Last Minute Offensive - 1:03
Last Minute Defensive - 0:00
Total
Forward - 60:00
Defense - 60:00
|
% Time on Ice - Red Wings
Lines # - Real PCT - Wanted PCT - Time Play
Normal Forward
1 - 36% - 40% - 18:25
2 - 26% - 33% - 13:21
3 - 23% - 20% - 11:24
4 - 15% - 7% - 7:23
Normal Defense
1 - 35% - 35% - 17:39
2 - 38% - 35% - 19:21
3 - 19% - 20% - 9:51
4 - 7% - 10% - 3:42
PP Forward
1 - 48% - 60% - 1:59
2 - 52% - 40% - 2:08
PP Defense
1 - 50% - 60% - 2:04
2 - 50% - 40% - 2:03
PK Forward
1 - 46% - 50% - 1:58
2 - 54% - 50% - 2:16
PK Defense
1 - 51% - 50% - 2:09
2 - 49% - 50% - 2:05
PK3 Forward
1 - 0% - 60%
2 - 0% - 40%
PK3 Defense
1 - 0% - 50%
2 - 0% - 50%
44 Forward
1 - 0% - 60%
2 - 0% - 40%
44 Defense
1 - 0% - 60%
2 - 0% - 40%
Last Minute Offensive - 0:00
Last Minute Defensive - 1:06
Total
Forward - 60:00
Defense - 60:00
|
Play by Play
1st period
0:01 of 1st period - Tim Connolly wins face-off versus Mike Richards in neutral zone.
0:31 of 1st period - Backhand shot by Sean Bergenheim.
0:31 of 1st period - Shot Blocked by Scott Gomez.
0:45 of 1st period - Matthew Spiller is hit by Chris Kelly.
0:53 of 1st period - Wrist shot by Alexander Perezhogin.
0:53 of 1st period - Stopped by Ilya Bryzgalov without a rebound.
0:54 of 1st period - Ales Hemsky wins face-off versus Jonathan Matsumoto in Red Wings zone.
1:19 of 1st period - Rick Nash is hit by Mike Weber.
1:29 of 1st period - Snap shot by Mike Richards.
1:29 of 1st period - Shot Misses the Net.
1:49 of 1st period - Slapshot by Alex Picard.
1:49 of 1st period - Shot Blocked by Guillaume Latendresse.
2:48 of 1st period - Wrist shot by Tomas Kopecky.
2:48 of 1st period - Shot Misses the Net.
3:22 of 1st period - Snap shot by Phil Kessel.
3:22 of 1st period - Stopped by Petr Mrazek with a rebound.
3:24 of 1st period - Slapshot by Tyler Johnson.
3:24 of 1st period - Stopped by Petr Mrazek without a rebound.
3:25 of 1st period - Sean Bergenheim wins face-off versus Shawn Horcoff in Panthers zone.
3:34 of 1st period - Snap shot by Sean Bergenheim.
3:34 of 1st period - Shot Blocked by Alexander Perezhogin.
3:39 of 1st period - Icing by Shawn Horcoff.
3:40 of 1st period - Shawn Horcoff wins face-off versus Mike Richards in Panthers zone.
4:15 of 1st period - Wrist shot by Tyler Johnson.
4:15 of 1st period - Shot Misses the Net.
4:29 of 1st period - Snap shot by Scott Gomez.
4:29 of 1st period - Stopped by Ilya Bryzgalov without a rebound.
4:30 of 1st period - Chris Kelly wins face-off versus Daniel Sedin in Red Wings zone.
4:37 of 1st period - Snap shot by Alex Picard.
4:37 of 1st period - Stopped by Petr Mrazek with a rebound.
4:43 of 1st period - Snap shot by Daniel Sedin.
4:43 of 1st period - Stopped by Ilya Bryzgalov without a rebound.
4:44 of 1st period - Mike Richards wins face-off versus Tim Connolly in Red Wings zone.
5:02 of 1st period - Minor Penalty to Theo Peckham for Hooking.
5:03 of 1st period - Tim Connolly wins face-off versus Tyler Johnson in Red Wings zone.
5:09 of 1st period - Wrist shot by Tim Connolly.
5:09 of 1st period - Shot Misses the Net.
5:11 of 1st period - Wrist shot by Guillaume Latendresse.
5:11 of 1st period - Deflect By Tim Connolly.
5:11 of 1st period - Shot Blocked by Brent Seabrook.
5:11 of 1st period - Puck is out of play.
5:12 of 1st period - Tyler Johnson wins face-off versus Tim Connolly in Red Wings zone.
5:18 of 1st period - Icing by Guillaume Latendresse.
5:19 of 1st period - Tim Connolly wins face-off versus Oleg Saprykin in Panthers zone.
5:56 of 1st period - Slapshot by Scott Gomez.
5:56 of 1st period - Shot Misses the Net.
5:58 of 1st period - Snap shot by Scott Gomez.
5:58 of 1st period - Shot Misses the Net.
6:00 of 1st period - Slapshot by Scott Gomez.
6:00 of 1st period - Shot Misses the Net.
7:02 of 1st period - Penalty to Theo Peckham is over, Theo Peckham is back on ice.
7:10 of 1st period - Ole-Kristian Tollefsen is hit by Jonathan Matsumoto and loses puck.
7:19 of 1st period - Jonathan Matsumoto is hit by Filip Kuba and loses puck.
7:37 of 1st period - Slapshot by Tomas Kopecky.
7:37 of 1st period - Stopped by Ilya Bryzgalov without a rebound.
7:38 of 1st period - Chris Kelly wins face-off versus Shawn Horcoff in Red Wings zone.
7:58 of 1st period - Slapshot by Rick Nash.
7:58 of 1st period - Shot Misses the Net.
8:00 of 1st period - Backhand shot by Filip Kuba.
8:00 of 1st period - Deflect By Adam Henrique.
8:00 of 1st period - Shot Misses the Net.
8:00 of 1st period - Puck is out of play.
8:01 of 1st period - Mike Richards wins face-off versus Tim Connolly in Panthers zone.
8:14 of 1st period - Slapshot by Mike Richards.
8:14 of 1st period - Stopped by Petr Mrazek with a rebound.
8:33 of 1st period - Wrist shot by Guillaume Latendresse.
8:33 of 1st period - Stopped by Ilya Bryzgalov without a rebound.
8:34 of 1st period - Scott Gomez wins face-off versus Nate Thompson in Red Wings zone.
8:35 of 1st period - Snap shot by Daniel Sedin.
8:35 of 1st period - Stopped by Ilya Bryzgalov without a rebound.
8:36 of 1st period - Tyler Johnson wins face-off versus Scott Gomez in Red Wings zone.
9:07 of 1st period - Shawn Horcoff is hit by Mike Richards and loses puck.
9:36 of 1st period - Snap shot by Alex Picard.
9:36 of 1st period - Shot Misses the Net.
9:57 of 1st period - Backhand shot by Jonathan Matsumoto.
9:57 of 1st period - Shot Blocked by Theo Peckham.
10:07 of 1st period - Wrist shot by Daniel Sedin.
10:07 of 1st period - Stopped by Ilya Bryzgalov without a rebound.
10:08 of 1st period - Tyler Johnson wins face-off versus Scott Gomez in Red Wings zone.
10:13 of 1st period - Snap shot by Tyler Johnson.
10:13 of 1st period - Stopped by Petr Mrazek with a rebound.
10:21 of 1st period - Wrist shot by Tyler Johnson.
10:21 of 1st period - Stopped by Petr Mrazek without a rebound.
10:22 of 1st period - Tim Connolly wins face-off versus Mike Richards in Panthers zone.
11:17 of 1st period - Jonathan Sigalet is hit by Chris Kelly.
11:31 of 1st period - Snap shot by Jonathan Sigalet.
11:31 of 1st period - Stopped by Ilya Bryzgalov with a rebound.
11:51 of 1st period - Matthew Spiller is hit by Brendan Bell and loses puck.
12:20 of 1st period - Snap shot by Peter Prucha.
12:20 of 1st period - Goal by Peter Prucha - Panthers : 1 - Red Wings : 0.
12:21 of 1st period - Tim Connolly wins face-off versus Adam Henrique in neutral zone.
12:36 of 1st period - Tim Connolly is hit by Brent Seabrook and loses puck.
13:14 of 1st period - Tyler Johnson is hit by Daniel Sedin and loses puck.
13:43 of 1st period - Wrist shot by Adam Henrique.
13:43 of 1st period - Goal by Adam Henrique - Panthers : 1 - Red Wings : 1.
13:44 of 1st period - Tim Connolly wins face-off versus Tyler Johnson in neutral zone.
14:11 of 1st period - Scott Gomez is hit by Brent Seabrook and loses puck.
14:59 of 1st period - Shawn Horcoff is hit by Ales Hemsky.
15:20 of 1st period - Wrist shot by Tyler Johnson.
15:20 of 1st period - Stopped by Petr Mrazek without a rebound.
15:21 of 1st period - Scott Gomez wins face-off versus Mike Richards in Panthers zone.
15:51 of 1st period - Off-side.
15:52 of 1st period - Tyler Johnson wins face-off versus Shawn Horcoff in neutral zone.
15:55 of 1st period - Alexander Perezhogin is hit by Brendan Bell and loses puck.
16:06 of 1st period - Snap shot by Shawn Horcoff.
16:06 of 1st period - Stopped by Ilya Bryzgalov without a rebound.
16:07 of 1st period - Mike Richards wins face-off versus Tim Connolly in Red Wings zone.
16:07 of 1st period - Mike Richards is hit by Marian Hossa.
16:35 of 1st period - Wrist shot by Daniel Sedin.
16:35 of 1st period - Stopped by Ilya Bryzgalov without a rebound.
16:36 of 1st period - Tyler Johnson wins face-off versus Scott Gomez in Red Wings zone.
16:52 of 1st period - Philip Samuelsson is hit by Peter Prucha and loses puck.
17:56 of 1st period - Icing by Ole-Kristian Tollefsen.
17:57 of 1st period - Tim Connolly wins face-off versus Phil Kessel in Red Wings zone.
18:20 of 1st period - Wrist shot by Tyler Johnson.
18:20 of 1st period - Stopped by Petr Mrazek with a rebound.
18:22 of 1st period - Wrist shot by Tyler Johnson.
18:22 of 1st period - Stopped by Petr Mrazek with a rebound.
18:24 of 1st period - Slapshot by Sean Bergenheim.
18:24 of 1st period - Stopped by Petr Mrazek with a rebound.
19:06 of 1st period - Guillaume Latendresse is hit by Ole-Kristian Tollefsen and loses puck.
19:47 of 1st period - Off-side.
19:48 of 1st period - Tim Connolly wins face-off versus Mike Richards in neutral zone.
19:55 of 1st period - Snap shot by Rick Nash.
19:55 of 1st period - Shot Blocked by Matthew Spiller.
Goals for this period are 1 for Panthers vs 1 for Red Wings.
Shots for this period are 11 for Panthers vs 11 for Red Wings.
2nd period
0:01 of 2nd period - Tim Connolly wins face-off versus Mike Richards in neutral zone.
0:12 of 2nd period - Wrist shot by Guillaume Latendresse.
0:12 of 2nd period - Goal by Guillaume Latendresse - Panthers : 2 - Red Wings : 1.
0:13 of 2nd period - Adam Henrique wins face-off versus Tim Connolly in neutral zone.
0:18 of 2nd period - Wrist shot by Guillaume Latendresse.
0:18 of 2nd period - Deflect By Tim Connolly.
0:18 of 2nd period - Stopped by Ilya Bryzgalov without a rebound.
0:19 of 2nd period - Guillaume Latendresse wins face-off versus Mike Richards in Red Wings zone.
0:26 of 2nd period - Wrist shot by Guillaume Latendresse.
0:26 of 2nd period - Shot Blocked by Adam Henrique.
0:28 of 2nd period - Wrist shot by Marian Hossa.
0:28 of 2nd period - Deflect By Tim Connolly.
0:28 of 2nd period - Shot Blocked by Brendan Bell.
0:28 of 2nd period - Puck is out of play.
0:29 of 2nd period - Tim Connolly wins face-off versus Mike Richards in Red Wings zone.
0:44 of 2nd period - Wrist shot by Guillaume Latendresse.
0:44 of 2nd period - Shot Blocked by Brendan Bell.
1:16 of 2nd period - Snap shot by Jeff Tambellini.
1:16 of 2nd period - Stopped by Ilya Bryzgalov with a rebound.
1:18 of 2nd period - Snap shot by Tomas Kopecky.
1:18 of 2nd period - Shot Misses the Net.
1:20 of 2nd period - Wrist shot by Tomas Kopecky.
1:20 of 2nd period - Shot Blocked by Brendan Bell.
1:22 of 2nd period - Snap shot by Jonathan Matsumoto.
1:22 of 2nd period - Shot Blocked by Brendan Bell.
1:26 of 2nd period - Snap shot by Jonathan Matsumoto.
1:26 of 2nd period - Stopped by Ilya Bryzgalov with a rebound.
1:42 of 2nd period - Slapshot by Guillaume Latendresse.
1:42 of 2nd period - Stopped by Ilya Bryzgalov without a rebound.
1:43 of 2nd period - Nate Thompson wins face-off versus Marian Hossa in Red Wings zone.
1:45 of 2nd period - Icing by Ales Hemsky.
1:46 of 2nd period - Tim Connolly wins face-off versus Nate Thompson in Red Wings zone.
1:47 of 2nd period - Wrist shot by Marian Hossa.
1:47 of 2nd period - Deflect By Tim Connolly.
1:47 of 2nd period - Shot Misses the Net.
1:47 of 2nd period - Puck is out of play.
1:48 of 2nd period - Mike Richards wins face-off versus Tim Connolly in Red Wings zone.
1:52 of 2nd period - Icing by Rick Nash.
1:53 of 2nd period - Tim Connolly wins face-off versus Mike Richards in Red Wings zone.
2:02 of 2nd period - Snap shot by Guillaume Latendresse.
2:02 of 2nd period - Shot Misses the Net.
2:05 of 2nd period - Icing by Theo Peckham.
2:06 of 2nd period - Tim Connolly wins face-off versus Rick Nash in Red Wings zone.
2:17 of 2nd period - Snap shot by Tim Connolly.
2:17 of 2nd period - Stopped by Ilya Bryzgalov with a rebound.
2:23 of 2nd period - Snap shot by Rick Nash.
2:23 of 2nd period - Shot Misses the Net.
2:25 of 2nd period - Snap shot by Mike Richards.
2:25 of 2nd period - Goal by Mike Richards - Panthers : 2 - Red Wings : 2.
2:26 of 2nd period - Tim Connolly wins face-off versus Mike Richards in neutral zone.
2:52 of 2nd period - Filip Kuba is hit by Scott Gomez and loses puck.
3:20 of 2nd period - Nate Thompson is hit by Shawn Horcoff and loses puck.
3:25 of 2nd period - Snap shot by Sergei Samsonov.
3:25 of 2nd period - Shot Misses the Net.
3:35 of 2nd period - Jonathan Matsumoto is hit by Filip Kuba and loses puck.
3:46 of 2nd period - Sean Bergenheim is hit by Jeff Tambellini and loses puck.
5:07 of 2nd period - Slapshot by Rick Nash.
5:07 of 2nd period - Stopped by Petr Mrazek without a rebound.
5:08 of 2nd period - Mike Richards wins face-off versus Jonathan Matsumoto in Panthers zone.
5:59 of 2nd period - Slapshot by Sergei Samsonov.
5:59 of 2nd period - Shot Misses the Net.
6:07 of 2nd period - Wrist shot by Sergei Samsonov.
6:07 of 2nd period - Shot Misses the Net.
6:09 of 2nd period - Snap shot by Shawn Horcoff.
6:09 of 2nd period - Shot Misses the Net.
6:45 of 2nd period - Slapshot by Tomas Kopecky.
6:45 of 2nd period - Stopped by Ilya Bryzgalov without a rebound.
6:46 of 2nd period - Jonathan Matsumoto wins face-off versus Mike Richards in Red Wings zone.
6:49 of 2nd period - Snap shot by Jeff Tambellini.
6:49 of 2nd period - Shot Blocked by Philip Samuelsson.
7:01 of 2nd period - Wrist shot by Jeff Tambellini.
7:01 of 2nd period - Shot Misses the Net.
7:45 of 2nd period - Wrist shot by Peter Prucha.
7:45 of 2nd period - Shot Misses the Net.
7:47 of 2nd period - Snap shot by Jonathan Sigalet.
7:47 of 2nd period - Deflect By Daniel Sedin.
7:47 of 2nd period - Shot Blocked by Filip Kuba.
7:47 of 2nd period - Puck is out of play.
7:48 of 2nd period - Tim Connolly wins face-off versus Mike Richards in Red Wings zone.
8:15 of 2nd period - Ian White is hit by Philip Samuelsson and loses puck.
8:26 of 2nd period - Alexander Perezhogin is hit by Ole-Kristian Tollefsen and loses puck.
8:38 of 2nd period - Icing by Tyler Johnson.
8:39 of 2nd period - Chris Kelly wins face-off versus Scott Gomez in Red Wings zone.
8:39 of 2nd period - Chris Kelly is hit by Peter Prucha.
8:49 of 2nd period - Scott Gomez is hit by Philip Samuelsson and loses puck.
9:16 of 2nd period - Slapshot by Peter Prucha.
9:16 of 2nd period - Stopped by Ilya Bryzgalov with a rebound.
9:18 of 2nd period - Snap shot by Scott Gomez.
9:18 of 2nd period - Stopped by Ilya Bryzgalov without a rebound.
9:19 of 2nd period - Tim Connolly wins face-off versus Rick Nash in Red Wings zone.
9:34 of 2nd period - Snap shot by Tim Connolly.
9:34 of 2nd period - Shot Misses the Net.
9:36 of 2nd period - Wrist shot by Tim Connolly.
9:36 of 2nd period - Stopped by Ilya Bryzgalov without a rebound.
9:37 of 2nd period - Tyler Johnson wins face-off versus Alexander Perezhogin in Red Wings zone.
9:46 of 2nd period - Wrist shot by Sean Bergenheim.
9:46 of 2nd period - Shot Misses the Net.
9:52 of 2nd period - Erik Gudbranson is hit by Filip Kuba and loses puck.
10:15 of 2nd period - Snap shot by Adam Henrique.
10:15 of 2nd period - Shot Blocked by Ian White.
10:17 of 2nd period - Snap shot by Rick Nash.
10:17 of 2nd period - Stopped by Petr Mrazek with a rebound.
10:33 of 2nd period - Wrist shot by Ales Hemsky.
10:33 of 2nd period - Stopped by Petr Mrazek with a rebound.
10:35 of 2nd period - Snap shot by Ales Hemsky.
10:35 of 2nd period - Shot Blocked by Marian Hossa.
10:37 of 2nd period - Slapshot by Brent Seabrook.
10:37 of 2nd period - Stopped by Petr Mrazek without a rebound.
10:38 of 2nd period - Daniel Sedin wins face-off versus Mike Richards in Panthers zone.
11:05 of 2nd period - Alexander Perezhogin is hit by Sean Bergenheim and loses puck.
11:34 of 2nd period - Wrist shot by Alex Picard.
11:34 of 2nd period - Shot Misses the Net.
11:36 of 2nd period - Snap shot by Chris Kelly.
11:36 of 2nd period - Shot Misses the Net.
11:48 of 2nd period - Wrist shot by Guillaume Latendresse.
11:48 of 2nd period - Stopped by Ilya Bryzgalov with a rebound.
12:32 of 2nd period - Snap shot by Chris Kelly.
12:32 of 2nd period - Shot Blocked by Ian White.
12:58 of 2nd period - Wrist shot by Oleg Saprykin.
12:58 of 2nd period - Stopped by Petr Mrazek with a rebound.
13:18 of 2nd period - Snap shot by Jonathan Matsumoto.
13:18 of 2nd period - Stopped by Ilya Bryzgalov with a rebound.
13:30 of 2nd period - Jeff Tambellini is hit by Mike Richards and loses puck.
13:55 of 2nd period - Snap shot by Mike Richards.
13:55 of 2nd period - Shot Misses the Net.
13:57 of 2nd period - Slapshot by Brent Seabrook.
13:57 of 2nd period - Shot Blocked by William Colbert.
13:59 of 2nd period - Slapshot by Brendan Bell.
13:59 of 2nd period - Shot Blocked by Jeff Tambellini.
14:01 of 2nd period - Snap shot by Rick Nash.
14:01 of 2nd period - Shot Blocked by William Colbert.
14:03 of 2nd period - Snap shot by Rick Nash.
14:03 of 2nd period - Shot Blocked by William Colbert.
14:05 of 2nd period - Slapshot by Brent Seabrook.
14:05 of 2nd period - Stopped by Petr Mrazek with a rebound.
14:07 of 2nd period - Snap shot by Brent Seabrook.
14:07 of 2nd period - Shot Misses the Net.
14:09 of 2nd period - Wrist shot by Mike Richards.
14:09 of 2nd period - Shot Misses the Net.
14:17 of 2nd period - Wrist shot by Adam Henrique.
14:17 of 2nd period - Shot Misses the Net.
14:21 of 2nd period - Wrist shot by Rick Nash.
14:21 of 2nd period - Shot Misses the Net.
14:23 of 2nd period - Snap shot by Adam Henrique.
14:23 of 2nd period - Stopped by Petr Mrazek with a rebound.
14:25 of 2nd period - Slapshot by Rick Nash.
14:25 of 2nd period - Shot Misses the Net.
14:32 of 2nd period - Minor Penalty to Jonathan Matsumoto for Tripping.
14:33 of 2nd period - Scott Gomez wins face-off versus Tyler Johnson in Panthers zone.
14:37 of 2nd period - Slapshot by Ian White.
14:37 of 2nd period - Shot Blocked by Phil Kessel.
16:12 of 2nd period - Philip Samuelsson is hit by Ian White and loses puck.
16:32 of 2nd period - Penalty to Jonathan Matsumoto is over, Jonathan Matsumoto is back on ice.
16:51 of 2nd period - Matthew Spiller is hit by Oleg Saprykin and loses puck.
17:02 of 2nd period - Snap shot by Sergei Samsonov.
17:02 of 2nd period - Stopped by Ilya Bryzgalov without a rebound.
17:03 of 2nd period - Chris Kelly wins face-off versus Shawn Horcoff in Red Wings zone.
17:08 of 2nd period - Mike Weber is hit by Nino Niederreiter and loses puck.
18:27 of 2nd period - Wrist shot by Phil Kessel.
18:27 of 2nd period - Stopped by Petr Mrazek with a rebound.
19:05 of 2nd period - Wrist shot by Ales Hemsky.
19:05 of 2nd period - Shot Misses the Net.
19:07 of 2nd period - Slapshot by Filip Kuba.
19:07 of 2nd period - Shot Blocked by William Colbert.
19:29 of 2nd period - Slapshot by Nino Niederreiter.
19:29 of 2nd period - Stopped by Petr Mrazek without a rebound.
19:30 of 2nd period - Shawn Horcoff wins face-off versus Sean Bergenheim in Panthers zone.
Goals for this period are 1 for Panthers vs 1 for Red Wings.
Shots for this period are 13 for Panthers vs 10 for Red Wings.
3rd period
0:01 of 3rd period - Mike Richards wins face-off versus Marian Hossa in neutral zone.
0:06 of 3rd period - Slapshot by Ole-Kristian Tollefsen.
0:06 of 3rd period - Shot Blocked by Erik Gudbranson.
0:31 of 3rd period - Scott Gomez is hit by Phil Kessel and loses puck.
0:36 of 3rd period - Snap shot by Tyler Johnson.
0:36 of 3rd period - Stopped by Petr Mrazek with a rebound.
1:15 of 3rd period - Snap shot by Nate Thompson.
1:15 of 3rd period - Shot Misses the Net.
2:11 of 3rd period - Slapshot by Filip Kuba.
2:11 of 3rd period - Stopped by Petr Mrazek without a rebound.
2:12 of 3rd period - Tim Connolly wins face-off versus Chris Kelly in Panthers zone.
2:40 of 3rd period - Philip Samuelsson is hit by Marian Hossa.
3:29 of 3rd period - Minor Penalty to Philip Samuelsson for Hooking.
3:30 of 3rd period - Oleg Saprykin wins face-off versus Scott Gomez in Red Wings zone.
3:30 of 3rd period - Oleg Saprykin is hit by Peter Prucha.
3:43 of 3rd period - Slapshot by Peter Prucha.
3:43 of 3rd period - Shot Blocked by Filip Kuba.
3:45 of 3rd period - Wrist shot by Scott Gomez.
3:45 of 3rd period - Goal by Scott Gomez - Panthers : 3 - Red Wings : 2.
3:46 of 3rd period - Mike Richards wins face-off versus Scott Gomez in neutral zone.
4:13 of 3rd period - Shawn Horcoff is hit by Brendan Bell and loses puck.
4:44 of 3rd period - Snap shot by Phil Kessel.
4:44 of 3rd period - Shot Misses the Net.
4:46 of 3rd period - Slapshot by Theo Peckham.
4:46 of 3rd period - Stopped by Petr Mrazek with a rebound.
5:02 of 3rd period - Snap shot by Nino Niederreiter.
5:02 of 3rd period - Stopped by Petr Mrazek with a rebound.
5:04 of 3rd period - Slapshot by Alex Picard.
5:04 of 3rd period - Stopped by Petr Mrazek with a rebound.
5:06 of 3rd period - Slapshot by Chris Kelly.
5:06 of 3rd period - Stopped by Petr Mrazek with a rebound.
5:36 of 3rd period - Daniel Sedin is hit by Sean Bergenheim and loses puck.
5:57 of 3rd period - Slapshot by Nino Niederreiter.
5:57 of 3rd period - Shot Misses the Net.
5:59 of 3rd period - Snap shot by Filip Kuba.
5:59 of 3rd period - Deflect By Nino Niederreiter.
5:59 of 3rd period - Shot Misses the Net.
5:59 of 3rd period - Puck is out of play.
6:00 of 3rd period - Tim Connolly wins face-off versus Chris Kelly in Panthers zone.
6:05 of 3rd period - Wrist shot by Guillaume Latendresse.
6:05 of 3rd period - Stopped by Ilya Bryzgalov without a rebound.
6:06 of 3rd period - Tim Connolly wins face-off versus Mike Richards in Red Wings zone.
6:21 of 3rd period - Snap shot by Rick Nash.
6:21 of 3rd period - Goal by Rick Nash - Panthers : 3 - Red Wings : 3.
6:22 of 3rd period - Mike Richards wins face-off versus Tim Connolly in neutral zone.
6:35 of 3rd period - Wrist shot by Brent Seabrook.
6:35 of 3rd period - Shot Blocked by Marian Hossa.
6:37 of 3rd period - Snap shot by Brent Seabrook.
6:37 of 3rd period - Stopped by Petr Mrazek with a rebound.
6:39 of 3rd period - Wrist shot by Rick Nash.
6:39 of 3rd period - Shot Blocked by Erik Gudbranson.
6:54 of 3rd period - Snap shot by Phil Kessel.
6:54 of 3rd period - Stopped by Petr Mrazek with a rebound.
6:56 of 3rd period - Slapshot by Ole-Kristian Tollefsen.
6:56 of 3rd period - Stopped by Petr Mrazek without a rebound.
6:57 of 3rd period - Scott Gomez wins face-off versus Tyler Johnson in Panthers zone.
8:07 of 3rd period - Oleg Saprykin is hit by Tomas Kopecky and loses puck.
8:53 of 3rd period - Wrist shot by Tim Connolly.
8:53 of 3rd period - Goal by Tim Connolly - Panthers : 4 - Red Wings : 3.
8:54 of 3rd period - Mike Richards wins face-off versus Tim Connolly in neutral zone.
8:58 of 3rd period - Minor Penalty to Marian Hossa for Tripping.
8:59 of 3rd period - Mike Richards wins face-off versus Scott Gomez in Panthers zone.
10:58 of 3rd period - Penalty to Marian Hossa is over, Marian Hossa is back on ice.
11:23 of 3rd period - Minor Penalty to Alex Picard for Hooking.
11:24 of 3rd period - Tim Connolly wins face-off versus Tyler Johnson in Red Wings zone.
11:27 of 3rd period - Snap shot by Marian Hossa.
11:27 of 3rd period - Shot Misses the Net.
11:29 of 3rd period - Slapshot by Guillaume Latendresse.
11:29 of 3rd period - Deflect By Tim Connolly.
11:29 of 3rd period - Shot Misses the Net.
11:29 of 3rd period - Puck is out of play.
11:30 of 3rd period - Tyler Johnson wins face-off versus Tim Connolly in Red Wings zone.
11:41 of 3rd period - Oleg Saprykin is hit by Tim Connolly and loses puck.
12:10 of 3rd period - Daniel Sedin is hit by Nino Niederreiter and loses puck.
13:23 of 3rd period - Penalty to Alex Picard is over, Alex Picard is back on ice.
13:31 of 3rd period - Wrist shot by Alexander Perezhogin.
13:31 of 3rd period - Stopped by Ilya Bryzgalov with a rebound.
13:33 of 3rd period - Slapshot by Mike Weber.
13:33 of 3rd period - Stopped by Ilya Bryzgalov with a rebound.
13:35 of 3rd period - Snap shot by William Colbert.
13:35 of 3rd period - Shot Blocked by Filip Kuba.
13:37 of 3rd period - Wrist shot by William Colbert.
13:37 of 3rd period - Shot Misses the Net.
13:39 of 3rd period - Wrist shot by Shawn Horcoff.
13:39 of 3rd period - Shot Blocked by Brent Seabrook.
13:53 of 3rd period - Snap shot by Chris Kelly.
13:53 of 3rd period - Stopped by Petr Mrazek with a rebound.
14:01 of 3rd period - Snap shot by Tomas Kopecky.
14:01 of 3rd period - Stopped by Ilya Bryzgalov without a rebound.
14:02 of 3rd period - Shawn Horcoff wins face-off versus Nate Thompson in Red Wings zone.
14:15 of 3rd period - Erik Gudbranson is hit by Oleg Saprykin and loses puck.
15:43 of 3rd period - Icing by Ole-Kristian Tollefsen.
15:44 of 3rd period - Tim Connolly wins face-off versus Mike Richards in Red Wings zone.
16:22 of 3rd period - Minor Penalty to Alexander Perezhogin for Tripping.
16:23 of 3rd period - Tyler Johnson wins face-off versus Scott Gomez in Panthers zone.
16:31 of 3rd period - Wrist shot by Phil Kessel.
16:31 of 3rd period - Goal by Phil Kessel - Panthers : 4 - Red Wings : 4.
16:32 of 3rd period - Shawn Horcoff wins face-off versus Chris Kelly in neutral zone.
16:45 of 3rd period - Snap shot by Sergei Samsonov.
16:45 of 3rd period - Shot Blocked by Brent Seabrook.
16:47 of 3rd period - Slapshot by Erik Gudbranson.
16:47 of 3rd period - Shot Blocked by Alex Picard.
17:01 of 3rd period - Adam Henrique is hit by Matthew Spiller and loses puck.
17:57 of 3rd period - Icing by Nino Niederreiter.
17:58 of 3rd period - Chris Kelly wins face-off versus Shawn Horcoff in Red Wings zone.
18:24 of 3rd period - Wrist shot by Sergei Samsonov.
18:24 of 3rd period - Shot Misses the Net.
18:32 of 3rd period - Slapshot by Chris Kelly.
18:32 of 3rd period - Goal by Chris Kelly - Panthers : 4 - Red Wings : 5.
18:33 of 3rd period - Tim Connolly wins face-off versus Mike Richards in neutral zone.
18:44 of 3rd period - Snap shot by Brent Seabrook.
18:44 of 3rd period - Stopped by Petr Mrazek with a rebound.
18:50 of 3rd period - Wrist shot by Adam Henrique.
18:50 of 3rd period - Shot Blocked by Ian White.
19:00 of 3rd period - Rick Nash is hit by Marian Hossa and loses puck.
19:11 of 3rd period - Snap shot by Rick Nash.
19:11 of 3rd period - Shot Blocked by Ian White.
19:13 of 3rd period - Wrist shot by Sean Bergenheim.
19:13 of 3rd period - Stopped by Petr Mrazek with a rebound.
19:15 of 3rd period - Snap shot by Brent Seabrook.
19:15 of 3rd period - Shot Misses the Net.
19:17 of 3rd period - Slapshot by Filip Kuba.
19:17 of 3rd period - Shot Misses the Net.
19:19 of 3rd period - Snap shot by Sean Bergenheim.
19:19 of 3rd period - Stopped by Petr Mrazek with a rebound.
19:29 of 3rd period - Wrist shot by Rick Nash.
19:29 of 3rd period - Shot Blocked by Marian Hossa.
19:49 of 3rd period - Panthers, Petr Mrazek is pulled from the net.
Goals for this period are 2 for Panthers vs 3 for Red Wings.
Shots for this period are 6 for Panthers vs 16 for Red Wings.
Back to the Top